 Dungeon Crawl Stone Soup version 0.22-a0-417-g1387785 (webtiles) character file.

1883 galech the Shield-Bearer (level 9, 0/66 HPs)
             Began as a Gnoll Wanderer on May 14, 2018.
             Was a Believer of Okawaru.
             Killed by nerve-wracking pain
             ... invoked by an orc priest
              (13 damage)
             ... on level 8 of the Dungeon.
             The game lasted 00:10:53 (6921 turns).

galech the Shield-Bearer (Gnoll Wanderer)           Turns: 6921, Time: 00:10:53

Health: 0/66       AC: 10    Str: 16    XL:     9   Next: 14%
Magic:  16/16      EV: 11    Int: 15    God:    Okawaru [**....]
Gold:   317        SH:  0    Dex: 16    Spells: 14/17 levels left

rFire    . . .     SeeInvis .   o - +0 whip (venom)
rCold    . . .     Gourm    .   (no shield)
rNeg     . . .     Faith    .   a - +2 scale mail
rPois    .         Spirit   .   (no helmet)
rElec    .         Reflect  .   (no cloak)
rCorr    .         Harm     .   (no gloves)
MR       .....                  z - +0 pair of boots (curse)
Stlth    +.........             s - amulet of regeneration
HPRegen  0.61/turn              (no ring)
MPRegen  0.15/turn              (no ring)

@: no status effects
A: distributed training, fangs 1, strong nose
a: Heroism, Renounce Religion


You were on level 8 of the Dungeon.
You worshipped Okawaru.
Okawaru was pleased with you.
You were not hungry.

You visited 1 branch of the dungeon, and saw 8 of its levels.

You collected 317 gold pieces.

Inventory:

Hand Weapons
 c - a +0 mace
 n - a +0 flail
 o - a +0 whip of venom (weapon)
 u - a +2 flail of draining
 y - a +0 rapier of speed
Missiles
 A - 48 sling bullets
Armour
 a - a +2 scale mail (worn)
 z - a cursed +0 pair of boots (worn)
Jewellery
 s - an amulet of regeneration (around neck)
Wands
 C - a wand of flame (25)
Scrolls
 b - 2 scrolls of enchant armour {unknown}
 e - 5 scrolls of teleportation {unknown}
 f - 2 scrolls of immolation {unknown}
 h - 2 scrolls of enchant weapon {unknown}
 j - 5 scrolls of remove curse {unknown}
 k - 3 scrolls of amnesia {unknown}
 q - 5 scrolls of identify {unknown}
 r - a scroll of fear {unknown}
 v - a scroll of fog {unknown}
 w - a scroll of random uselessness {unknown}
Potions
 g - 3 potions of invisibility {unknown}
 i - a potion of curing
 l - a potion of lignification {unknown}
 m - 2 potions of magic {unknown}
 p - 3 potions of flight {unknown}
 t - 4 potions of heal wounds {unknown}
 x - a potion of mutation {unknown}
 B - a potion of brilliance {unknown}
Comestibles
 d - 17 rations
 D - 2 chunks of flesh


   Skills:
 + Level 4.7 Fighting
 + Level 3.9 Short Blades
 + Level 3.9 Long Blades
 + Level 3.9 Axes
 + Level 4.7 Maces & Flails
 + Level 3.9 Polearms
 + Level 3.9 Staves
 + Level 3.9 Slings
 + Level 3.9 Bows
 + Level 3.9 Crossbows
 + Level 3.9 Throwing
 + Level 4.7 Armour
 + Level 3.9 Dodging
 + Level 3.9 Stealth
 + Level 6.1 Shields
 + Level 3.9 Unarmed Combat
 + Level 4.8 Spellcasting
 + Level 3.2 Conjurations
 + Level 3.2 Hexes
 + Level 3.2 Charms
 + Level 3.2 Summonings
 + Level 5.0 Necromancy
 + Level 5.0 Translocations
 + Level 3.2 Transmutations
 + Level 3.2 Fire Magic
 + Level 3.2 Ice Magic
 + Level 3.2 Air Magic
 + Level 3.2 Earth Magic
 + Level 3.2 Poison Magic
 + Level 4.2 Invocations
 + Level 3.9 Evocations


You had 14 spell levels left.
You knew the following spells:

 Your Spells              Type           Power        Failure   Level  Hunger
a - Recall                Summ/Tloc      N/A          30%         3    ###....

Your spell library contained the following spells:

 Spells                   Type           Power        Failure   Level  Hunger
 Magic Dart               Conj           ##..         14%         1    None
 Apportation              Tloc           ###...       7%          1    None
 Confuse                  Hex            ##......     41%         3    ###....
 Iskenderun's Mystic Bla  Conj           ##......     82%         4    ####...
 Tukima's Dance           Hex            ##......     41%         3    ###....
 Ensorcelled Hibernation  Hex/Ice        ##....       22%         2    ##.....
 Corona                   Hex            ##.....      14%         1    None
 Fulminant Prism          Conj/Hex       ##........   82%         4    ####...
 Dazzling Spray           Conj/Hex       ##....       41%         3    ###....
 Force Lance              Conj/Tloc      ###.....     69%         4    ####...
 Searing Ray              Conj           ##....       22%         2    ##.....


Dungeon Overview and Level Annotations

Branches:
Dungeon (8/15)             Temple (0/1) D:5
   Lair: D:8-11

Altars:
Cheibriados
Dithmenos
Fedhas
Gozag
Okawaru
Ru
Sif Muna
Vehumet
Wu Jian
Xom
The Shining One


Innate Abilities, Weirdness & Mutations

Your experience applies equally to all skills.
You have very sharp teeth.
Your uncanny sense of smell can sniff out nearby items.


Message History

You hit the orc priest but do no damage.
The orc priest looks as sick as possible!
You bite the orc priest, but do no damage.
The orc priest is lightly wounded.
The orc priest barely misses you.
You closely miss the orc priest.
The orc priest is moderately wounded.
The orc priest hits you but does no damage.
You hit the orc priest but do no damage.
The orc priest looks as sick as possible!
The orc priest is moderately wounded.
The orc priest looks braver for a moment.
You hit the orc priest but do no damage.
The orc priest is heavily wounded.
You hit the orc priest but do no damage.
The orc priest looks as sick as possible!
The orc priest is heavily wounded.
The orc priest invokes the aid of Beogh against you.
Pain shoots through your body!
You die...

..... #..####
...... .......
......### .......
......$.##.......
.................
...∆.####....<...
... ##........ .
#..)......
#o@.......
#.......).
#.........
..........
#..........
#..........
##.........
#####..###


You could see an orc priest.

Vanquished Creatures
  Eustachio (D:5)
  Duvessa (D:7)
  2 orc warriors
  3 phantoms
  An ogre (D:7)
  Dowan (D:7)
  5 scorpions
  3 hounds
  2 bullfrog zombies
  7 orc wizards
  4 iguanas
  4 worker ants
  6 adders
  3 gnolls (D:7)
  A howler monkey skeleton (D:4)
  A shadow imp (D:7)
  An ooze (D:1)
  2 adder skeletons
  2 worms (D:2)
  7 dart slugs
  6 leopard geckos
  15 orcs
  4 giant cockroaches
  6 goblins
  3 hobgoblins
  10 jackals
  2 quokkas
  5 bats
  5 frilled lizards
  9 kobolds
  A leopard gecko skeleton (D:4)
  A quokka zombie (D:6)
  12 rats
136 creatures vanquished.

Vanquished Creatures (others)
  3 orc wizards (D:7)
3 creatures vanquished.

Grand Total: 139 creatures vanquished

Notes
Turn   | Place    | Note
-------+----------+-------------------------------------------
     0 | D:1      | galech the Gnoll Wanderer began the quest for the Orb.
     0 | D:1      | galech set off with: a +2 scale mail, a +0 mace, a ration
     0 | D:1      | Reached XP level 1. HP: 17/17 MP: 4/4
    71 | D:1      | Reached XP level 2. HP: 14/23 MP: 5/5
   273 | D:1      | Reached XP level 3. HP: 24/28 MP: 7/7
   541 | D:1      | Reached skill level 1 in Invocations
   928 | D:2      | Reached skill level 1 in Short Blades
   928 | D:2      | Reached skill level 1 in Long Blades
   928 | D:2      | Reached skill level 1 in Axes
   928 | D:2      | Reached skill level 1 in Polearms
   928 | D:2      | Reached skill level 1 in Staves
   928 | D:2      | Reached skill level 1 in Slings
   928 | D:2      | Reached skill level 1 in Bows
   928 | D:2      | Reached skill level 1 in Crossbows
   928 | D:2      | Reached skill level 1 in Throwing
   928 | D:2      | Reached skill level 1 in Dodging
   928 | D:2      | Reached skill level 1 in Stealth
   928 | D:2      | Reached skill level 1 in Unarmed Combat
   928 | D:2      | Reached skill level 1 in Evocations
   928 | D:2      | Reached XP level 4. HP: 26/34 MP: 8/8
  1333 | D:3      | Found a blossoming altar of Fedhas.
  1392 | D:2      | Reached skill level 1 in Conjurations
  1392 | D:2      | Reached skill level 1 in Hexes
  1392 | D:2      | Reached skill level 1 in Charms
  1392 | D:2      | Reached skill level 1 in Summonings
  1392 | D:2      | Reached skill level 1 in Transmutations
  1392 | D:2      | Reached skill level 1 in Fire Magic
  1392 | D:2      | Reached skill level 1 in Ice Magic
  1392 | D:2      | Reached skill level 1 in Air Magic
  1392 | D:2      | Reached skill level 1 in Earth Magic
  1392 | D:2      | Reached skill level 1 in Poison Magic
  1392 | D:2      | Reached XP level 5. HP: 18/40 MP: 9/9
  2451 | D:4      | Reached XP level 6. HP: 8/47 MP: 10/10
  2604 | D:4      | Reached skill level 5 in Shields
  3138 | D:4      | Reached XP level 7. HP: 45/52 MP: 12/12
  3191 | D:4      | Found an iron altar of Okawaru.
  3191 | D:4      | Found a snail-covered altar of Cheibriados.
  3191 | D:4      | Found a radiant altar of Vehumet.
  3191 | D:4      | Found an ornate altar of the Wu Jian Council.
  3193 | D:4      | Found a sacrificial altar of Ru.
  3197 | D:4      | Found a deep blue altar of Sif Muna.
  3200 | D:4      | Became a worshipper of Warmaster Okawaru
  3205 | D:4      | Learned a level 3 spell: Recall
  4042 | D:5      | Entered Level 5 of the Dungeon
  4456 | D:5      | Noticed Eustachio
  4482 | D:5      | Killed Eustachio
  4482 | D:5      | Reached XP level 8. HP: 55/60 MP: 12/14
  4600 | D:5      | Found a staircase to the Ecumenical Temple.
  4802 | D:6      | Found a shimmering altar of Xom.
  5158 | D:6      | Found a glowing golden altar of the Shining One.
  5184 | D:6      | Reached * piety under Okawaru
  6064 | D:7      | Found a shadowy altar of Dithmenos.
  6064 | D:7      | Found an opulent altar of Gozag.
  6214 | D:7      | Noticed Duvessa
  6214 | D:7      | Noticed Dowan
  6235 | D:7      | Killed Duvessa
  6269 | D:7      | Killed Dowan
  6269 | D:7      | Reached ** piety under Okawaru
  6548 | D:7      | Reached skill level 6 in Shields
  6548 | D:7      | Reached XP level 9. HP: 21/66 MP: 16/16
  6753 | D:7      | Reached skill level 5 in Necromancy
  6753 | D:7      | Reached skill level 5 in Translocations
  6915 | D:8      | HP: 2/66 [orc priest (4)]
  6921 | D:8      | Killed from afar by an orc priest

Vault maps used:
D:1:      kennysheep_arrival_seaside
D:2:      first_ration, st_stairs_7, grunt_ministairs_8
D:3:      hex_medium, fedhas_altar_1
D:4:      minitemple
D:5:      minmay_temple_entry_poolview, uniq_eustachio
D:6:      old_standard_altar, old_standard_altar
D:7:      gammafunk_temple_overflow_statue, grunt_ogre_cave, uniq_duvessa
D:8:      amethyst_overflow_temple_binary, hangedman_decor_clover_reticule,
          tso_metal_star

Skill      XL: |  1  2  3  4  5  6  7  8  9 |
---------------+----------------------------+-----
Invocations    | 1 2 3 4 |  4.2
Short Blades   | 1 2 3 |  3.9
Long Blades    | 1 2 3 |  3.9
Axes           | 1 2 3 |  3.9
Polearms       | 1 2 3 |  3.9
Staves         | 1 2 3 |  3.9
Slings         | 1 2 3 |  3.9
Bows           | 1 2 3 |  3.9
Crossbows      | 1 2 3 |  3.9
Throwing       | 1 2 3 |  3.9
Dodging        | 1 2 3 |  3.9
Stealth        | 1 2 3 |  3.9
Unarmed Combat | 1 2 3 |  3.9
Evocations     | 1 2 3 |  3.9
Spellcasting   | 3 4 |  4.8
Conjurations   | 1 2 3 |  3.2
Hexes          | 1 2 3 |  3.2
Charms         | 1 2 3 |  3.2
Summonings     | 1 2 3 |  3.2
Transmutations | 1 2 3 |  3.2
Fire Magic     | 1 2 3 |  3.2
Ice Magic      | 1 2 3 |  3.2
Air Magic      | 1 2 3 |  3.2
Earth Magic    | 1 2 3 |  3.2
Poison Magic   | 1 2 3 |  3.2
Fighting       | 3 4 |  4.7
Maces & Flails | 3 4 |  4.7
Armour         | 3 4 |  4.7
Necromancy     | 4 5 |  5.0
Translocations | 4 5 |  5.0
Shields        | 5 6 |  6.1

Action                   |  1- 3 |  4- 6 |  7- 9 || total
-------------------------+-------+-------+-------++-------
Melee: Mace              |   135 |    59 |       ||   194
       Bite              |     8 |    27 |    75 ||   110
       Flail             |       |    14 |    16 ||    30
       Whip              |       |   146 |   396 ||   542
       Punch             |       |     2 |    11 ||    13
  Use: Potion            |       |     2 |     1 ||     3
  Eat: Chunk             |       |     8 |     9 ||    17
       Ration            |       |       |     1 ||     1
Armor: Scale mail        |   101 |   122 |   146 ||   369
Dodge: Dodged            |    85 |   108 |   165 ||   358

Table legend:
 A = Spawn XP
 B = Non-spawn XP
 C = Spawn XP percentage of total XP
 D = Spawn monster count
 E = Non-spawn monster count
 F = Spawn count percentage of total count
 G = Total turns spent on level
                    A         B        C        D         E        F      G
               +---------+---------+-------+---------+---------+-------+---------
         Total |       0 |    2690 |   0.0 |       0 |     138 |   0.0 |  6921
               +---------+---------+-------+---------+---------+-------+---------
           D:1 |       0 |      59 |   0.0 |       0 |      28 |   0.0 |   757
           D:2 |       0 |     108 |   0.0 |       0 |      29 |   0.0 |   811
           D:3 |       0 |      68 |   0.0 |       0 |      18 |   0.0 |   751
           D:4 |       0 |     635 |   0.0 |       0 |      24 |   0.0 |  1723
           D:5 |       0 |     408 |   0.0 |       0 |      10 |   0.0 |   701
           D:6 |       0 |     215 |   0.0 |       0 |       6 |   0.0 |   827
           D:7 |       0 |    1026 |   0.0 |       0 |      21 |   0.0 |  1310
           D:8 |       0 |     171 |   0.0 |       0 |       2 |   0.0 |    41
               +---------+---------+-------+---------+---------+-------+---------
